[Event "Titled Tuesday Blitz April 12 Early 2022"]
[White "Bowden, Karl"]
[Black "Atakhan, Abtin"]
[WhiteFideId "400548"]
[BlackFideId "22502203"]
[WhiteElo "2360"]
[BlackElo "2094"]
[Result "0-1"]
[Round "02"]
[TimeControl "180+1"]
[Date "2022.04.13"]
[WhiteClock "0:00:37"]
[BlackClock "0:00:35"]

1. e4 c5 2. c3 Nf6 3. e5 Nd5 4. d4 cxd4 5. cxd4 d6 6. Nf3 Nc6 7. Bc4 Nb6 8. Bb5 dxe5 9. Nxe5 Bd7 10. Nc3 Nxe5 11. dxe5 Bxb5 12. Nxb5 Qxd1+ 13. Kxd1 Nd5 14. Bd2 e6 15. Rc1 Kd7 16. Ke2 a6 17. Nc3 Be7 18. Rhd1 Rac8 19. Be3 f6 20. exf6 Bxf6 21. Nxd5 exd5 22. Rxc8 Kxc8 23. Rxd5 Bxb2 24. Bb6 Bf6 25. Rc5+ Kd7 26. Rc7+ Kd6 27. Rxb7 Kc6 28. Ra7 Kxb6 29. Rd7 Rc8 30. h4 Rc2+ 31. Ke3 Rxa2 32. g4 h6 33. f4 Kc6 34. Ra7 Kd5 35. g5 Bd4+ 0-1


[Site "https://www.chess.com"]

[Event "Titled Tuesday Blitz April 12 Early 2022"]
[White "Broca Jimenez, Fernando"]
[Black "Aaditya Dhingra"]
[WhiteFideId "5104742"]
[BlackFideId "25678191"]
[WhiteElo "2062"]
[BlackElo "1849"]
[Result "0-1"]
[Round "02"]
[TimeControl "180+1"]
[Date "2022.04.13"]
[WhiteClock "0:00:06"]
[BlackClock "0:00:44"]

1. e4 c5 2. Nf3 e6 3. d4 cxd4 4. Nxd4 Nc6 5. g3 Bc5 6. Nb3 Be7 7. Bg2 Nf6 8. O-O O-O 9. c4 d6 10. Nc3 a6 11. Be3 Qc7 12. Rc1 Bd7 13. Qd2 Ne5 14. Ne2 Nxc4 15. Qd3 Rac8 16. Nd2 b5 17. b3 Ne5 18. Qb1 Qb8 19. h3 Bc6 20. f4 Ned7 21. Nd4 Bb7 22. Rfd1 Nc5 23. b4 Na4 24. Qb3 d5 25. e5 Nd7 26. N2f3 Rc4 27. Nd2 Rxb4 28. Qc2 Rc8 29. Qd3 Nb2 30. Rxc8+ Qxc8 31. Qb1 Nxd1 32. Qxd1 Qc3 33. Bf2 Rxd4 34. Bxd4 Qxd4+ 35. Kh2 Bb4 36. Qc2 Qc3 37. Qxc3 Bxc3 38. Nb3 a5 39. Nc1 b4 40. Ne2 Ba6 41. Nxc3 bxc3 42. Bf3 c2 0-1


[Site "https://www.chess.com"]

[Event "Titled Tuesday Blitz April 12 Early 2022"]
[White "Bryakin, Mikhail"]
[Black "Hua, Lefong"]
[WhiteFideId "4165314"]
[BlackFideId "2602253"]
[WhiteElo "2417"]
[BlackElo "2585"]
[Result "1/2-1/2"]
[Round "02"]
[TimeControl "180+1"]
[Date "2022.04.12"]
[WhiteClock "0:00:07"]
[BlackClock "0:00:06"]

1. e4 c5 2. Nf3 g6 3. d4 cxd4 4. Nxd4 Bg7 5. Nc3 Nc6 6. Be3 Nf6 7. Bc4 Qa5 8. Nxc6 bxc6 9. O-O d6 10. a3 O-O 11. Bf4 Rb8 12. Bb3 Ng4 13. h3 Ne5 14. Re1 Be6 15. Bxe6 fxe6 16. b4 Qc7 17. Ne2 Nc4 18. Ra2 a5 19. Qd3 Ne5 20. Qb3 Qc8 21. Bg5 Rf7 22. f4 h6 23. Bh4 g5 24. fxg5 Ng6 25. gxh6 Bxh6 26. Bg3 axb4 27. axb4 c5 28. c3 c4 29. Qc2 e5 30. Kh2 Kh7 31. Raa1 Rg7 32. Rf1 Qe6 33. Rf5 Rbg8 34. Rg1 Be3 35. Rgf1 Nf4 36. Nxf4 exf4 37. e5 fxg3+ 38. Kh1 Rg6 39. exd6 exd6 40. R5f3 Bh6 41. Rf7+ Rg7 42. R7f3 Re7 43. b5 Kg7 44. b6 d5 45. Qb1 Rb7 46. Qb5 Rxb6 47. Qc5 Rb7 48. Qd4+ Kh7 49. Qh4 Rbg7 50. Qh5 Qe7 51. Qxd5 Qe6 52. Qh5 Rg5 53. Qh4 Qg6 54. Qxc4 Qe8 55. Qh4 R5g6 56. c4 Qe7 57. Qd4 Bg5 58. Qd3 Kg8 59. Rxg3 Qe5 60. Rg4 Kh7 61. Qc2 Be7 62. Rxg6 Rxg6 63. Rf7+ Kh6 64. Qd2+ Bg5 65. Qf2 Re6 66. h4 Be3 67. Qf3 Qa1+ 68. Qf1 Qxf1+ 69. Rxf1 Bc5 70. Rf5 Be3 71. g4 Rc6 72. Re5 Bf4 73. Re4 Bg3 74. g5+ Kh5 75. Kg2 Bxh4 76. g6 Rxg6+ 77. Kf3 Rf6+ 78. Ke3 Bg5+ 79. Kd4 Rf4 80. Ke5 Rxe4+ 81. Kxe4 Be7 82. Kd5 Bf8 83. c5 Bxc5 1/2-1/2


[Site "https://www.chess.com"]

[Event "Titled Tuesday Blitz April 12 Early 2022"]
[White "Cabarkapa, Novak"]
[Black "Dubov, Daniil"]
[WhiteFideId "943746"]
[BlackFideId "24126055"]
[WhiteElo "2443"]
[BlackElo "2791"]
[Result "0-1"]
[Round "02"]
[TimeControl "180+1"]
[Date "2022.04.12"]
[WhiteClock "0:00:22"]
[BlackClock "0:01:19"]

1. d4 Nf6 2. Nc3 d5 3. Bf4 a6 4. e3 b5 5. h4 b4 6. Na4 e6 7. Nf3 Nbd7 8. c4 bxc3 9. Nxc3 Rb8 10. Qc2 Bd6 11. Ne5 Bb7 12. Bd3 Qe7 13. g4 Bxe5 14. dxe5 Nxg4 15. Rg1 Ngxe5 16. Rxg7 d4 17. exd4 Nf3+ 18. Kf1 Qf6 19. Rg4 h5 20. Bg5 Nh2+ 21. Kg1 Qf3 22. Re4 Ng4 23. d5 Nc5 24. Rf4 Qxd3 25. Qc1 Qh3 26. Ne4 Qh2+ 27. Kf1 Qh1+ 28. Ke2 Qxc1 29. Rxc1 Nxe4 30. Rxc7 Nxg5 0-1


[Site "https://www.chess.com"]

[Event "Titled Tuesday Blitz April 12 Early 2022"]
[White "Cagara, Paulina"]
[Black "Pesotskiy, Mikhail"]
[WhiteFideId "1124870"]
[BlackFideId "34164453"]
[WhiteElo "1780"]
[BlackElo "2010"]
[Result "0-1"]
[Round "02"]
[TimeControl "180+1"]
[Date "2022.04.13"]
[WhiteClock "0:00:44"]
[BlackClock "0:00:24"]

1. e4 e6 2. d4 d5 3. Nc3 Nc6 4. e5 f6 5. f4 fxe5 6. fxe5 Qh4+ 7. g3 Qxd4 8. Nf3 Qxd1+ 9. Kxd1 a6 10. Be3 Bd7 11. Ng5 Nge7 12. Bd3 Nxe5 13. Bxh7 Nc4 14. Bf4 e5 15. Bc1 Bf5 16. Bxf5 Nxf5 17. Ne6 Nxg3 18. Rg1 Kd7 19. Nxf8+ Raxf8 20. hxg3 Ke6 21. b3 Nd6 22. Bd2 Rh2 23. Be1 d4 24. Ne2 Ne4 25. b4 Rf3 26. Rb1 d3 27. cxd3 Rxd3+ 28. Kc2 Re3 29. b5 Rhxe2+ 30. Kd1 Rxe1+ 31. Rxe1 Nc3+ 32. Kd2 Rxe1 33. Rxe1 Nxa2 34. bxa6 bxa6 35. Rb1 a5 36. Rb2 Nb4 37. Kc3 Nd5+ 38. Kc4 Ne3+ 39. Kc5 Kf5 40. Rb3 Nf1 41. Kc6 e4 42. Kxc7 e3 43. Kc6 e2 44. Rb1 Ke4 45. Kc5 Ke3 46. Kc4 Kf2 47. Rb2 Nxg3 48. Kd3 Kf1 49. Rb1+ e1=Q 50. Rxe1+ Kxe1 51. Kc4 g5 52. Kb5 Ne2 53. Kxa5 g4 54. Kb5 g3 55. Kc4 g2 56. Kd5 g1=Q 57. Ke4 Qf2 58. Ke5 Kd2 59. Kd5 Qe3 60. Kd6 Kd3 61. Kc6 Qe4+ 62. Kd6 Nc3 63. Kd7 Kd4 64. Kc7 Qe5+ 65. Kd7 Ne4 66. Kc8 Kd5 67. Kd7 Qe6+ 68. Kd8 Qf7 69. Kc8 Kc6 70. Kd8 Qd7# 0-1


[Site "https://www.chess.com"]

[Event "Titled Tuesday Blitz April 12 Early 2022"]
[White "Caputcuoglu, Zeki Berke"]
[Black "Simonovic, Miroslav"]
[WhiteFideId "34548610"]
[BlackFideId "919152"]
[WhiteElo "1368"]
[BlackElo "2043"]
[Result "1-0"]
[Round "02"]
[TimeControl "180+1"]
[Date "2022.04.13"]
[WhiteClock "0:00:04"]
[BlackClock "0:00:01"]

1. e4 c5 2. Nf3 Nc6 3. d4 cxd4 4. Nxd4 e5 5. Nb5 d6 6. N1c3 a6 7. Na3 b5 8. Nd5 Nf6 9. Bg5 Be7 10. Bxf6 Bxf6 11. c4 b4 12. Nc2 Rb8 13. g3 O-O 14. h4 b3 15. axb3 Rxb3 16. Ra2 g6 17. h5 Bg7 18. Be2 Be6 19. Rxa6 Bxd5 20. cxd5 Nb8 21. Ra2 Qb6 22. Kf1 f5 23. Kg2 fxe4 24. Ne3 Bh6 25. Ng4 Bg5 26. hxg6 hxg6 27. Qc2 Kg7 28. Ra7+ Rf7 29. Rxf7+ Kxf7 30. Rh7+ Kg8 31. Qc7 Qxc7 32. Rxc7 Rxb2 33. Rc8+ Kf7 34. Bf1 1-0


[Site "https://www.chess.com"]

[Event "Titled Tuesday Blitz April 12 Early 2022"]
[White "Caruana, Fabiano"]
[Black "Taichman, Ori"]
[WhiteFideId "2020009"]
[BlackFideId "2804069"]
[WhiteElo "2744"]
[BlackElo "2227"]
[Result "1-0"]
[Round "02"]
[TimeControl "180+1"]
[Date "2022.04.12"]
[WhiteClock "0:00:19"]
[BlackClock "0:00:05"]

1. e4 c5 2. Nf3 Nc6 3. Nc3 g6 4. d4 cxd4 5. Nxd4 Bg7 6. Nb3 Nf6 7. Be2 O-O 8. O-O d6 9. Be3 Be6 10. Qd2 Na5 11. Nd4 Bc4 12. b3 Bxe2 13. Ndxe2 Rc8 14. f3 a6 15. Rac1 b5 16. Nd5 Nc6 17. Rfd1 h5 18. Nxf6+ Bxf6 19. Nf4 Qd7 20. Nd5 Qe6 21. Nxf6+ Qxf6 22. c4 bxc4 23. Rxc4 Ne5 24. Rcc1 Nxf3+ 25. gxf3 Qxf3 26. Bh6 Rfd8 27. Qg2 Qf6 28. Rf1 Qd4+ 29. Qf2 Qxf2+ 30. Kxf2 f6 31. Rxc8 Rxc8 32. Rc1 Rb8 33. Bd2 Rb6 34. Ke3 Kf7 35. Rc7 Ke6 36. Kd3 g5 37. b4 h4 38. Rc8 d5 39. exd5+ Kxd5 40. Rd8+ Ke5 41. a4 g4 42. Rh8 g3 43. Rxh4 gxh2 44. Rxh2 Kd5 45. Rh8 Rd6 46. Be3 e5 47. Rf8 e4+ 48. Kc3 Rc6+ 49. Kb3 Ke5 50. b5 axb5 51. axb5 Re6 52. b6 Re7 53. Kc4 f5 54. Kb5 f4 55. Bxf4+ Kd4 56. Rd8+ Kc3 57. Be3 Kc2 58. Ka6 Re6 59. Ka7 Re7+ 60. b7 1-0


[Site "https://www.chess.com"]

[Event "Titled Tuesday Blitz April 12 Early 2022"]
[White "Colas, Joshua"]
[Black "Demchenko, Anton"]
[WhiteFideId "2044447"]
[BlackFideId "4160258"]
[WhiteElo "2347"]
[BlackElo "2539"]
[Result "0-1"]
[Round "02"]
[TimeControl "180+1"]
[Date "2022.04.12"]
[WhiteClock "0:00:04"]
[BlackClock "0:00:09"]

1. Nf3 Nf6 2. c4 g6 3. b3 Bg7 4. Bb2 d6 5. d4 O-O 6. g3 Nbd7 7. Bg2 e5 8. dxe5 dxe5 9. Nxe5 Ng4 10. Nxg4 Bxb2 11. Nd2 Bxa1 12. Qxa1 h5 13. Ne3 Qf6 14. Qc1 c6 15. Ne4 Qe7 16. h4 Nf6 17. Ng5 Re8 18. O-O Ng4 19. Nxg4 Bxg4 20. e3 Rad8 21. c5 Be2 22. Re1 Bd3 23. e4 f6 24. Nh3 Kg7 25. f4 Qd7 26. f5 Qd4+ 27. Kh2 Bxe4 28. Qf4 gxf5 29. Nf2 Qd2 30. Re3 Bxg2 31. Rxe8 Qxf4 32. gxf4 Rxe8 33. Kxg2 Re2 34. Kf3 Rxa2 0-1


[Site "https://www.chess.com"]

[Event "Titled Tuesday Blitz April 12 Early 2022"]
[White "Czerw, Dawid"]
[Black "Winkels, Marcel"]
[WhiteFideId "1145746"]
[BlackFideId "1003887"]
[WhiteElo "2125"]
[BlackElo "1900"]
[Result "0-1"]
[Round "02"]
[TimeControl "180+1"]
[Date "2022.04.13"]
[WhiteClock "0:00:02"]
[BlackClock "0:00:15"]

1. d4 Nf6 2. c4 c5 3. d5 b5 4. cxb5 a6 5. bxa6 g6 6. Nc3 Bg7 7. e4 O-O 8. Nf3 d6 9. a4 Nxa6 10. Bb5 Nc7 11. Be2 Ba6 12. O-O Rb8 13. Re1 Rb4 14. Bxa6 Nxa6 15. e5 Ne8 16. exd6 exd6 17. Bg5 Nf6 18. Qd2 Qb6 19. Rab1 Rb8 20. Re2 c4 21. Nd4 Nxd5 22. Nxd5 Qxd4 23. Nxb4 Nxb4 24. Qxb4 Rxb4 25. Re8+ Bf8 26. Bh6 Qg7 27. Bxg7 Kxg7 28. a5 Ra4 29. Ra8 d5 30. Kf1 d4 31. Ke2 d3+ 32. Ke3 Bc5+ 33. Ke4 Bxf2 34. a6 d2 35. Kd5 h5 36. Rd1 Be3 37. Kc6 Rb4 38. Ra1 Rxb2 39. Kd5 c3 40. a7 Bxa7 41. R8xa7 c2 42. Kd4 d1=Q+ 0-1


[Site "https://www.chess.com"]

[Event "Titled Tuesday Blitz April 12 Early 2022"]
[White "De Souza, Cristiano Gomes"]
[Black "Lewicki, Miroslaw"]
[WhiteFideId "2151758"]
[BlackFideId "1113380"]
[WhiteElo "2068"]
[BlackElo "2283"]
[Result "0-1"]
[Round "02"]
[TimeControl "180+1"]
[Date "2022.04.13"]
[WhiteClock "0:01:38"]
[BlackClock "0:02:25"]

1. d4 Nf6 2. c3 e6 3. Nf3 d5 4. Bf4 Bd6 5. Bxd6 Qxd6 6. Nbd2 O-O 7. Qc2 c5 8. e3 Nc6 9. Bb5 Bd7 10. O-O Nxd4 11. Nxd4 cxd4 12. Bxd7 dxe3 13. Bxe6 exf2+ 14. Rxf2 fxe6 15. Raf1 e5 16. Qd3 Rae8 17. h3 Qb6 18. Kh1 e4 19. Qd4 Qxd4 20. cxd4 e3 0-1


[Site "https://www.chess.com"]

[Event "Titled Tuesday Blitz April 12 Early 2022"]
[White "Delorme, Alban"]
[Black "Stromboli, Ettore"]
[WhiteFideId "623636"]
[BlackFideId "813761"]
[WhiteElo "2197"]
[BlackElo "2414"]
[Result "1-0"]
[Round "02"]
[TimeControl "180+1"]
[Date "2022.04.13"]
[WhiteClock "0:00:18"]
[BlackClock "0:00:13"]

1. e4 e6 2. d4 d5 3. Nc3 Bb4 4. e5 c5 5. a3 Bxc3+ 6. bxc3 Ne7 7. h4 Nbc6 8. h5 Qa5 9. h6 gxh6 10. Bxh6 Qxc3+ 11. Bd2 Qxd4 12. Nf3 Qa4 13. Be3 d4 14. Bg5 Bd7 15. Nd2 O-O-O 16. Rb1 Rhg8 17. Bf6 Nd5 18. Bxd8 Nc3 19. Bb5 Nxd1 20. Bxa4 Nc3 21. Bxc6 Bxc6 22. Bf6 Nxb1 23. Nxb1 Rxg2 24. Nd2 Ba4 25. Rxh7 Bxc2 26. Rh8+ Kc7 27. Nc4 Bd3 28. Nd6 Kc6 29. Rc8+ Kd5 30. Nxb7 c4 31. f3 Rg1+ 32. Kf2 Rf1+ 33. Kg2 Rxf3 34. Kxf3 Be4+ 35. Kf4 d3 36. Rd8+ Kc6 37. Kxe4 Kxb7 38. Kd4 Kc7 39. Kxc4 d2 40. Rxd2 Kc6 41. Rd8 a6 42. Rf8 1-0


[Site "https://www.chess.com"]

[Event "Titled Tuesday Blitz April 12 Early 2022"]
[White "Derjabin, Ilja"]
[Black "Meshkovs, Nikita"]
[WhiteFideId "14104768"]
[BlackFideId "11602740"]
[WhiteElo "2341"]
[BlackElo "2506"]
[Result "0-1"]
[Round "02"]
[TimeControl "180+1"]
[Date "2022.04.13"]
[WhiteClock "0:00:04"]
[BlackClock "0:00:26"]

1. d4 Nf6 2. c4 e6 3. Nc3 Bb4 4. a3 Bxc3+ 5. bxc3 c5 6. f3 Qa5 7. Bd2 Nc6 8. e4 O-O 9. Bd3 Qa6 10. e5 Ne8 11. Nh3 d6 12. Qc2 h6 13. O-O dxe5 14. dxc5 Qa5 15. Be3 f5 16. Rab1 Nf6 17. Nf2 Rd8 18. Rfd1 a6 19. Kh1 Qc7 20. g4 e4 21. fxe4 fxg4 22. Bd4 e5 23. Be3 Qf7 24. Rg1 Be6 25. Qe2 h5 26. Rb6 Rxd3 27. Qxd3 Bxc4 28. Qc2 Rf8 29. Bg5 Nd7 30. Rb2 Qf3+ 31. Rg2 Bf1 32. Qb3+ Kh7 0-1


[Site "https://www.chess.com"]

[Event "Titled Tuesday Blitz April 12 Early 2022"]
[White "Domingo Nunez, Alejandro"]
[Black "Perez Ponsa, Federico"]
[WhiteFideId "22245561"]
[BlackFideId "117927"]
[WhiteElo "2215"]
[BlackElo "2672"]
[Result "1-0"]
[Round "02"]
[TimeControl "180+1"]
[Date "2022.04.12"]
[WhiteClock "0:00:12"]
[BlackClock "0:00:05"]

1. c4 e5 2. Nc3 Bb4 3. Nd5 Bc5 4. a3 c6 5. Nc3 Nf6 6. b4 Bb6 7. Bb2 O-O 8. g3 d5 9. cxd5 cxd5 10. Bg2 Nc6 11. e3 e4 12. Na4 Bc7 13. Ne2 Be5 14. d4 exd3 15. Qxd3 Bg4 16. O-O Bxb2 17. Nxb2 Ne5 18. Qd1 Nf3+ 19. Kh1 Ne4 20. h3 Qf6 21. Nd3 Qh6 22. Ndf4 Rad8 23. Ng1 Ne5 24. Qd4 Nc6 25. Qb2 Bc8 26. Kh2 Nf6 27. Rad1 Be6 28. Nxe6 fxe6 29. Qe2 Ne5 30. f4 Nc4 31. g4 Qh4 32. Nf3 Nxg4+ 33. Kg1 Qg3 34. hxg4 Qxg4 35. Nd4 Qxe2 36. Nxe2 Nxe3 37. Rc1 Nxf1 38. Bxf1 Rc8 39. Re1 Rc4 40. Bh3 Re4 41. Bg2 Re3 42. f5 Rxf5 43. Bf1 Rfe5 44. Kf2 Rxa3 45. Rc1 Rf5+ 46. Ke1 h5 47. Nd4 Re5+ 48. Kd2 Re4 49. Nc2 Rf3 50. Bd3 Rg4 51. Be2 Rg2 52. Ne1 Rxe2+ 53. Kxe2 Rf4 54. Nd3 Re4+ 55. Kf3 Rd4 56. Ke3 Re4+ 57. Kf3 g5 58. Rc7 g4+ 59. Kf2 Rd4 60. Ke3 Re4+ 61. Kf2 h4 62. Nc5 g3+ 63. Kf3 Rf4+ 64. Kxf4 g2 65. Rc8+ Kh7 66. Rc7+ Kh6 67. Nxe6 g1=Q 68. Rc8 Qg3+ 69. Kf5 Qg6+ 70. Ke5 Qe4+ 71. Kf6 Qf3+ 72. Ke5 Qg3+ 73. Kf6 Qg6+ 74. Ke5 Kh5 75. Nf4+ Kg5 76. Nxg6 Kxg6 77. Rh8 h3 78. Rxh3 d4 79. Rd3 a6 80. Rxd4 1-0


[Site "https://www.chess.com"]

[Event "Titled Tuesday Blitz April 12 Early 2022"]
[White "Dreev, Aleksey"]
[Black "Bekturov, Tamerlan"]
[WhiteFideId "4100107"]
[BlackFideId "13710184"]
[WhiteElo "2625"]
[BlackElo "2151"]
[Result "1-0"]
[Round "02"]
[TimeControl "180+1"]
[Date "2022.04.12"]
[WhiteClock "0:01:48"]
[BlackClock "0:00:25"]

1. d4 d5 2. c4 e6 3. Nc3 a6 4. cxd5 exd5 5. Qb3 c6 6. e4 dxe4 7. Bc4 Qe7 8. a4 Nf6 9. Nge2 a5 10. Bg5 Na6 11. O-O Nb4 12. Ng3 Be6 13. Ngxe4 O-O-O 14. Bxe6+ Qxe6 15. Qxe6+ fxe6 16. Nxf6 h6 17. Nfe4 hxg5 18. Nxg5 Rxd4 19. Nxe6 Rd2 20. Rad1 Rxd1 21. Rxd1 Be7 22. Nxg7 Bf6 23. Nf5 Kc7 24. g3 Rf8 25. Ne3 Bg5 26. f4 Be7 27. Kg2 Bc5 28. Nc4 b6 29. h4 Nc2 30. h5 b5 31. axb5 cxb5 32. Nxb5+ Kc6 33. Nc3 a4 34. Nxa4 Kb5 35. Nxc5 Kxc4 36. Rc1 1-0


[Site "https://www.chess.com"]

[Event "Titled Tuesday Blitz April 12 Early 2022"]
[White "Dushyant Sharma"]
[Black "Bernat, David"]
[WhiteFideId "25065130"]
[BlackFideId "2099225"]
[WhiteElo "2105"]
[BlackElo "2321"]
[Result "1-0"]
[Round "02"]
[TimeControl "180+1"]
[Date "2022.04.13"]
[WhiteClock "0:01:42"]
[BlackClock "0:01:28"]

1. e4 c5 2. Nf3 g6 3. d4 cxd4 4. Nxd4 Nc6 5. f4 Bg7 6. Nf3 d6 7. Nc3 Nf6 8. Bd3 O-O 9. O-O Qb6+ 10. Kh1 Bg4 11. Qe1 Nb4 12. a3 Nxd3 13. cxd3 Nd7 14. Nd5 Qd8 15. Qh4 Bxf3 16. Rxf3 e6 17. Ne7+ Kh8 18. Rh3 h5 19. f5 Bf6 20. Qxh5+ gxh5 21. Rxh5+ Kg7 22. Bh6+ Kh7 23. Bxf8# 1-0


[Site "https://www.chess.com"]

[Event "Titled Tuesday Blitz April 12 Early 2022"]
[White "Ehlvest, Jaan"]
[Black "Nogerbek, Kazybek"]
[WhiteFideId "4500016"]
[BlackFideId "13710427"]
[WhiteElo "2505"]
[BlackElo "2466"]
[Result "0-1"]
[Round "02"]
[TimeControl "180+1"]
[Date "2022.04.12"]
[WhiteClock "0:00:39"]
[BlackClock "0:00:56"]

1. e4 e5 2. Nf3 Nc6 3. g3 Nf6 4. d3 Bc5 5. Bg2 O-O 6. O-O d6 7. c3 a6 8. a4 Ba7 9. Nbd2 h6 10. a5 Be6 11. h3 d5 12. exd5 Nxd5 13. Re1 Qf6 14. Ne4 Qe7 15. Nh4 Rad8 16. Qh5 Nf6 17. Qf3 Ne8 18. Nf5 Bxf5 19. Qxf5 Nd6 20. Qh5 f5 21. Bg5 Bxf2+ 22. Kh1 Nxe4 23. Bxe7 Nxg3+ 24. Kh2 Nxh5 25. Bxd8 Bxe1 0-1


[Site "https://www.chess.com"]

[Event "Titled Tuesday Blitz April 12 Early 2022"]
[White "Esipenko, Andrey"]
[Black "Agibileg, Uurtsaikh"]
[WhiteFideId "24175439"]
[BlackFideId "4901606"]
[WhiteElo "2617"]
[BlackElo "2205"]
[Result "1-0"]
[Round "02"]
[TimeControl "180+1"]
[Date "2022.04.12"]
[WhiteClock "0:00:17"]
[BlackClock "0:00:04"]

1. d4 Nf6 2. c4 g6 3. Nc3 Bg7 4. e4 d6 5. Nf3 O-O 6. Be2 e5 7. Be3 Ng4 8. Bg5 f6 9. Bc1 Nc6 10. O-O f5 11. d5 Ne7 12. b4 Nf6 13. Bg5 Nxe4 14. Nxe4 fxe4 15. Nd2 Bf5 16. g4 Bd7 17. Nxe4 h6 18. Be3 g5 19. c5 Ng6 20. f3 Nf4 21. Bc4 Qe7 22. Qd2 Be8 23. Kh1 Bg6 24. Rac1 Qd7 25. c6 Qc8 26. Bxf4 exf4 27. Bd3 Bf7 28. Bc2 bxc6 29. dxc6 Qe6 30. Bb3 Qe7 31. Rfe1 Bxb3 32. axb3 Qf7 33. Qd3 Rfe8 34. Nd2 Rxe1+ 35. Rxe1 Re8 36. Rxe8+ Qxe8 37. Ne4 Qe5 38. h4 Qa1+ 39. Kg2 Bd4 40. Nf2 Qb2 41. Qg6+ Kf8 42. Qxh6+ Ke8 43. Qg6+ Kf8 44. Qf5+ Ke8 45. Qc8+ Ke7 46. Qd7+ Kf8 47. Qd8+ Kf7 48. Qxc7+ Ke6 49. Qd7+ Kd5 50. Qf7+ Kxc6 51. Qe8+ Kb6 52. Qe1 gxh4 53. g5 h3+ 54. Kf1 Bxf2 55. Qxf2+ Qxf2+ 56. Kxf2 d5 57. g6 d4 58. g7 d3 59. g8=Q d2 60. Qd5 h2 61. Kg2 d1=Q 62. Qxd1 1-0


[Site "https://www.chess.com"]

[Event "Titled Tuesday Blitz April 12 Early 2022"]
[White "Estrada Nieto, Julian"]
[Black "Tuleyeva-Aketayeva, Dana"]
[WhiteFideId "5101018"]
[BlackFideId "13701932"]
[WhiteElo "2252"]
[BlackElo "1875"]
[Result "1-0"]
[Round "02"]
[TimeControl "180+1"]
[Date "2022.04.13"]
[WhiteClock "0:01:09"]
[BlackClock "0:00:03"]

1. e4 c5 2. Nf3 Nc6 3. Bb5 g6 4. Bxc6 dxc6 5. d3 Bg7 6. h3 Nf6 7. Nc3 Nd7 8. Be3 b6 9. Qd2 e5 10. Bh6 O-O 11. O-O Re8 12. Bxg7 Kxg7 13. Nh2 Nf8 14. f4 exf4 15. Qxf4 Qe7 16. Rae1 Ne6 17. Qe5+ f6 18. Qg3 Nd4 19. Rf2 Be6 20. Nf3 Nxf3+ 21. Rxf3 b5 22. e5 f5 23. Ne2 Bd5 24. Re3 g5 25. Nf4 Kh8 26. Nxd5 cxd5 27. R3e2 f4 28. Qg4 h6 29. e6 Qf6 30. c3 Re7 31. Re5 Rd8 32. d4 cxd4 33. cxd4 Rde8 34. Kh2 a5 35. b3 a4 36. b4 Kg7 37. Kg1 Kg6 38. h4 1-0


[Site "https://www.chess.com"]

[Event "Titled Tuesday Blitz April 12 Early 2022"]
[White "Ezat, Mohamed"]
[Black "Avazkhonov, Alikhon"]
[WhiteFideId "10600906"]
[BlackFideId "14208504"]
[WhiteElo "2386"]
[BlackElo "1739"]
[Result "1-0"]
[Round "02"]
[TimeControl "180+1"]
[Date "2022.04.13"]
[WhiteClock "0:00:23"]
[BlackClock "0:00:02"]

1. d4 d5 2. c4 e6 3. Nc3 c6 4. e4 Bb4 5. Bd2 c5 6. cxd5 cxd4 7. Qa4+ Nd7 8. Qxb4 dxc3 9. Bxc3 Ngf6 10. Bb5 exd5 11. O-O-O dxe4 12. Ne2 Qe7 13. Qxe7+ Kxe7 14. Bb4+ Ke8 15. Ng3 a6 16. Ba4 b5 17. Bb3 a5 18. Bd6 a4 19. Bc2 Bb7 20. Nf5 g6 21. Ng7+ Kd8 22. Be5 Ra6 23. g4 Kc8 24. Bc3 b4 25. Bxb4 e3 26. Rhe1 exf2 27. Rf1 Nxg4 28. Rd4 Ne3 29. Rxf2 Rc6 30. Bc3 Nxc2 31. Kxc2 f5 32. Re2 Rg8 33. Re7 Nb6 34. Ne6 Kb8 35. Rxh7 Rc4 36. Rxc4 Nxc4 37. Kd3 Be4+ 38. Kxc4 Rc8+ 39. Kb4 Bd5 40. Be5+ Ka8 41. Nc7+ 1-0


[Site "https://www.chess.com"]

[Event "Titled Tuesday Blitz April 12 Early 2022"]
[White "Fathy, Elameir"]
[Black "Butti, Enrique"]
[WhiteFideId "10600396"]
[BlackFideId "3700470"]
[WhiteElo "2311"]
[BlackElo "2080"]
[Result "1-0"]
[Round "02"]
[TimeControl "180+1"]
[Date "2022.04.13"]
[WhiteClock "0:00:10"]
[BlackClock "0:00:15"]

1. d4 Nf6 2. c4 e6 3. Nf3 b6 4. g3 Ba6 5. b3 Bb4+ 6. Bd2 Be7 7. Bg2 c6 8. O-O d5 9. Bc3 Nbd7 10. Nbd2 O-O 11. Re1 c5 12. e4 cxd4 13. Nxd4 Nc5 14. e5 Nfe4 15. Nc6 Qd7 16. Nxe7+ Qxe7 17. Nxe4 Nxe4 18. Bxe4 dxe4 19. Rxe4 Bb7 20. Re3 Rfd8 21. Qe2 Qd7 22. f3 Qc6 23. Rd1 h5 24. h4 a5 25. a4 Qc5 26. Rxd8+ Rxd8 27. Kg2 Qa3 28. Be1 Qc1 29. Kf2 Rd1 30. Rd3 Bxf3 31. Rxd1 Qxd1 32. Qxf3 Qc2+ 33. Kg1 Qb1 34. Qe3 Kh7 35. Kg2 Qf5 36. Bf2 g6 37. Qxb6 Qxe5 38. Qd4 Qf5 39. c5 Qc2 40. Qc4 1-0


[Site "https://www.chess.com"]

[Event "Titled Tuesday Blitz April 12 Early 2022"]
[White "Fernandez Siles, Luis"]
[Black "Vokarev, Sergey"]
[WhiteFideId "2209420"]
[BlackFideId "4119711"]
[WhiteElo "2212"]
[BlackElo "2343"]
[Result "1/2-1/2"]
[Round "02"]
[TimeControl "180+1"]
[Date "2022.04.13"]
[WhiteClock "0:00:40"]
[BlackClock "0:00:56"]

1. e4 c5 2. Nf3 Nc6 3. c3 d5 4. exd5 Qxd5 5. d4 Bf5 6. dxc5 Qxd1+ 7. Kxd1 e5 8. Be3 O-O-O+ 9. Nbd2 Nge7 10. Rc1 Nd5 11. b4 f6 12. Bc4 g5 13. h3 Nxe3+ 14. fxe3 h5 15. Ke2 Be7 16. e4 Bd7 17. Bd5 f5 18. Nc4 g4 19. Nfxe5 Bg5 20. Rcd1 Nxe5 21. Nxe5 Ba4 22. Be6+ Kc7 23. Rxd8 Rxd8 24. Nc4 Bb5 25. Rd1 Rxd1 26. Kxd1 Bxc4 27. Bxc4 gxh3 28. gxh3 fxe4 29. Ke2 Bf6 30. Bd5 Bxc3 31. b5 Bd4 32. Bxe4 Bxc5 33. a4 h4 34. Bf5 1/2-1/2


[Site "https://www.chess.com"]

[Event "Titled Tuesday Blitz April 12 Early 2022"]
[White "Gabdrakhmanov, Azat"]
[Black "GodDMuhammad"]
[WhiteFideId "34189197"]
[WhiteElo "2279"]
[BlackElo "2278"]
[Result "0-1"]
[Round "02"]
[TimeControl "180+1"]
[Date "2022.04.13"]
[WhiteClock "0:00:05"]
[BlackClock "0:00:40"]

1. e4 e5 2. Nf3 f5 3. d4 fxe4 4. Nxe5 Nf6 5. Nc3 d6 6. Nc4 d5 7. Ne3 c6 8. f3 exf3 9. Qxf3 Bd6 10. Nf5 Bxf5 11. Qxf5 O-O 12. Bg5 Qe7+ 13. Be2 h6 14. Bh4 Nbd7 15. O-O-O Rae8 16. Bd3 Qe3+ 17. Kb1 Qxd4 18. Bg3 Bxg3 19. hxg3 Qe5 20. Qh3 Nc5 21. Bg6 Re7 22. g4 Nfe4 23. Bxe4 Nxe4 24. Nxe4 dxe4 25. Rde1 e3 26. a3 Rf2 27. Rc1 c5 28. Rhd1 Re6 29. g5 Rb6 30. Rd8+ Kh7 31. g6+ Kxg6 32. b4 cxb4 33. Qg4+ Kh7 34. Rd4 bxa3+ 35. Ka2 Qe6+ 36. Qxe6 Rxe6 37. Kxa3 e2 38. Re1 Rf1 0-1


[Site "https://www.chess.com"]

[Event "Titled Tuesday Blitz April 12 Early 2022"]
[White "Galperin, Platon"]
[Black "Bachmann, Axel"]
[WhiteFideId "14165414"]
[BlackFideId "3700488"]
[WhiteElo "2432"]
[BlackElo "2587"]
[Result "1-0"]
[Round "02"]
[TimeControl "180+1"]
[Date "2022.04.13"]
[WhiteClock "0:00:06"]
[BlackClock "0:00:01"]

1. Nf3 Nf6 2. d4 g6 3. Nbd2 d5 4. e3 Bg7 5. b4 a5 6. b5 c5 7. bxc6 Nxc6 8. a4 Bf5 9. Bb5 O-O 10. O-O Rc8 11. c3 Ne4 12. Nxe4 Bxe4 13. Nd2 Bf5 14. Qb3 h5 15. Ba3 h4 16. h3 Bh6 17. Rfe1 Be6 18. Rac1 Kh8 19. c4 Nxd4 20. Bb2 dxc4 21. Bxc4 Bxc4 22. Rxc4 e5 23. Rxc8 Qxc8 24. exd4 Bxd2 25. Rxe5 Bf4 26. Re4 Qf5 27. d5+ Kg8 28. Qc3 f6 29. Qf3 g5 30. Bc1 Rd8 31. Bxf4 gxf4 32. Rxf4 Qxd5 33. Qe3 Qd1+ 34. Kh2 Qd6 35. Qf3 Kf7 36. Qh5+ Ke7 37. Qxh4 1-0


[Site "https://www.chess.com"]